 Dungeon Sprint DCSS version 0.31-a0-876-gfe8ebadbca (webtiles) character file.

Game seed: 11604848242493684528

568 rocky1 the Carver (level 7, -1/55 HPs)
             Began as a Djinni Gladiator on Oct 14, 2023.
             Slain by a neqoxec (7 damage)
             ... in the Dungeon (Sprint II: "The Violet Keep of Menkaure").
             The game lasted 00:00:46 (217 turns).

rocky1 the Carver (Djinni Gladiator)                 Turns: 217, Time: 00:00:46

Health: -1/55      AC:  4    Str: 13    XL:     7   Next: 59%
Gold:   243        EV: 17    Int:  9    God:
                   SH:  0    Dex: 17

rFire   + + .        a - +0 long sword
rCold   x . .        (no shield)
rNeg    . . .        b - +0 leather armour
rPois   ∞            c - +0 helmet
rElec   .            (no cloak)
rCorr   .            (no gloves)
SInv    .            (boots unavailable)
Will    .....        (no amulet)
Stlth   +            (no ring)
HPRegen 0.29/turn    (no ring)
MPRegen 0.00/turn

%: no teleportation, infuse magic (-2 HP)
@: flying
A: sickness immunity, fire resistance 2, cold vulnerability 1, float, innate
caster, HP casting, extra vitality 1, screaming 1
a: no special abilities


You were in the Dungeon.
You visited 1 branch You collected 243 gold pieces.

Inventory:

Hand Weapons
 a - a +0 long sword (weapon)
Missiles
 d - 3 throwing nets (quivered)
 e - a javelin
Armour
 b - a +0 leather armour (worn)
 c - a +0 helmet (worn)
Scrolls
 j - a scroll of blinking
Potions
 f - a potion of curing


   Skills:
 + Level 5.8 Fighting
 + Level 10.1 Long Blades
 + Level 3.5 Throwing
 + Level 2.4 Armour
 + Level 9.9 Dodging


You knew the following spells:

 Your Spells              Type           Power      Damage    Failure   Level
a - Shock                 Conj/Air       0%         1d3       45%         1
b - Searing Ray           Conj           0%         2d4       61%         2
c - Momentum Strike       Conj/Tloc      0%         3d8       61%         2
Your spell library was empty.

Dungeon Overview and Level Annotations

Branches:
Dungeon (1/1)

Altars:

Annotations:
D exclusion: ice statue


Innate Abilities, Weirdness & Mutations

You are immune to sickness and miasma.
You are immune to poison.
Your flesh is very heat resistant. (rF++)
You are vulnerable to cold. (rC-)
You float through the air rather than walking.
You learn spells naturally, not from books.
Your magical power is your life essence.
You have superior vitality. (+4 MHP)
You occasionally shout uncontrollably at your foes.


Message History

A neqoxec comes into view.
The neqoxec shouts!
You slash the neqoxec!
The neqoxec is moderately wounded.
The neqoxec misses you.
You closely miss the neqoxec.
The neqoxec is moderately wounded.
The neqoxec hits you! The neqoxec hits you.
You slash the neqoxec!
The neqoxec is heavily wounded.
The neqoxec closely misses you. The neqoxec hits you!
* * * LOW HITPOINT WARNING * * *
The neqoxec hits you.
* * * LOW HITPOINT WARNING * * *
You hit the neqoxec but do no damage.
The neqoxec is heavily wounded.
The neqoxec barely misses you. x2; The neqoxec completely misses you.
You slash the neqoxec! You punch the neqoxec.
The neqoxec is almost dead.
The neqoxec misses you. x3
You hit the neqoxec.
The neqoxec is almost dead.
The neqoxec hits you but does no damage.
The neqoxec closely misses you. x2
You miss the neqoxec.
The neqoxec is almost dead.
The neqoxec closely misses you. The neqoxec gestures at you.
Something tries to feed on your intellect!
The neqoxec hits you.
* * * LOW HITPOINT WARNING * * *
You feel much better. The neqoxec hits you!
* * * LOW HITPOINT WARNING * * *
The neqoxec hits you but does no damage.
The neqoxec hits you!
* * * LOW HITPOINT WARNING * * *
You completely miss the neqoxec.
The neqoxec is almost dead.
The neqoxec hits you!
You die...

≈≈≈≈
#~~#+++#+++##
~~~....†....#
~~~~.##'##..#
~~~
##...##.####
~
#..#..#....#
##.).####..##
##'## ##..#
##.### #3@#
+.<.+##$'33#
##.##.#.#...
#+# #.##..§.
B#. ###~§..§.
.. B.
~~~§~~§. ##$
.## §~~§~§§.§
## ##
~§≈§§~§§§~#


You could see 3 neqoxecs.

Vanquished Creatures
  A merfolk siren (D)
  A neqoxec (D)
  A water moccasin (D)
3 creatures vanquished.

Vanquished Creatures (others)
  Menkaure (D)
1 creature vanquished.

Grand Total: 4 creatures vanquished

Notes
Turn   | Place    | Note
-------+----------+-------------------------------------------
     0 | D        | rocky1 the Djinni Gladiator began the quest for the Orb.
     0 | D        | Reached XP level 1. HP: 18/18 MP: 0/0
     1 | D        | Noticed a neqoxec
    10 | D        | Killed a neqoxec
    11 | D        | Reached skill level 6 in Long Blades
    11 | D        | Reached XP level 2. HP: 26/26 MP: 0/0
    11 | D        | Reached XP level 3. HP: 31/31 MP: 0/0
    11 | D        | Learned a level 1 spell: Shock
    11 | D        | Reached XP level 4. HP: 37/37 MP: 0/0
    11 | D        | Reached XP level 5. HP: 41/41 MP: 0/0
    11 | D        | Learned a level 2 spell: Searing Ray
    59 | D        | Noticed a boulder beetle
    59 | D        | Noticed a boulder beetle
    63 | D        | Noticed a merfolk siren
    79 | D        | Killed a merfolk siren
    80 | D        | Reached skill level 5 in Fighting
    80 | D        | Reached skill level 9 in Long Blades
    80 | D        | Reached XP level 6. HP: 24/49 MP: 0/0
    80 | D        | Reached XP level 7. HP: 26/54 MP: 0/0
    80 | D        | Learned a level 2 spell: Momentum Strike
   148 | D        | Killed Menkaure
   180 | D        | Noticed an ice statue
   182 | D        | Noticed a water moccasin
   189 | D        | Killed a water moccasin
   190 | D        | Reached skill level 10 in Long Blades
   202 | D        | Noticed a neqoxec
   203 | D        | Noticed a neqoxec
   206 | D        | Gained mutation: You occasionally shout uncontrollably at
                  | your foes. [a neqoxec]
   208 | D        | Noticed a neqoxec
   217 | D        | Slain by a neqoxec

Illustrated notes

Levels and vault maps discovered:
D:        the_violet_keep_of_menkaure [sprint2_stairs_cluster_1,
          sprint2_shoproom, sprint2_temple, sprint2_basic_supplies,
          sprint2_obstacle_5, sprint2_obstacle_7, sprint2_obstacle_2,
          sprint2_obstacle_6, sprint2_obstacle_4, sprint2_timed_cluster_1,
          sprint2_smallroom_cluster_1, sprint2_smallroom_final_cluster_1,
          sprint2_transparent_cluster_1, sprint2_second_timed_cluster_1,
          sprint2_sniper_area_1, sprint2_heavy_combat_area_1,
          sprint2_mutation_trap_area_1, sprint2_forest_area_1,
          sprint2_light_combat_area_1, sprint2_behind_water_1,
          sprint2_near_end_vault_1]

Skill      XL: |  1  2  3  4  5  6  7 |
---------------+----------------------+-----
Fighting       | 3 5 |  5.8
Long Blades    | 6 9 10 | 10.1
Throwing       | 2 3 |  3.5
Dodging        | 7 9 |  9.9
Armour         | 2 |  2.4

Action                     |  1- 3 |  4- 6 |  7- 9 || total
---------------------------+-------+-------+-------++-------
  Melee: Long sword        |     7 |    15 |    17 ||    39
         Punch             |       |       |     1 ||     1
    Use: Potion            |     2 |       |     1 ||     3
 Armour: Leather armour    |     3 |     2 |    16 ||    21
  Dodge: Dodged            |     2 |       |    13 ||    15

Table legend: (Time is in decaauts)
 A = Elapsed time spent in this place.
 B = Non-inter-level travel time spent in this place.
 C = Inter-level travel time spent in this place.
 D = Time resting spent in this place.
 E = Time spent auto-exploring this place.
 F = Levels seen in this place.
 G = Mean time per level.
                   A        B        C        D        E       F      G
               +--------+--------+--------+--------+--------+-----+--------+
         Total |    219 |    219 |      0 |    142 |      0 |   1 |  219.0 |
       Dungeon |    219 |    219 |      0 |    142 |      0 |   1 |  219.0 |
               +--------+--------+--------+--------+--------+-----+--------+

Top non-repeatable levels by time:
       D: 219 daAuts
